Map: Nightscape LE

Players

zosch

  • Race: Protoss Protoss
  • Spawn Location: 1:00

Rattenmann

  • Race: Terran Terran
  • Spawn Location: 1:00

Massa

  • Race: Terran Terran
  • League: Platinum
  • Spawn Location: 7:00

qqq

  • Race: Zerg Zerg
  • Spawn Location: 7:00

VOD

Have the link to the VOD?

Description

Time

  • Played on: Oct. 25, 2020, 11:04 a.m.
  • Length: 15:30
Show
View Real Time Build Order
Export as new Build Order

zosch Protoss 

Build Orders: Oracle Opening 

Get SALT Encoding   

  12  0:00  Probe  
  13  0:12  Probe  
  14  0:18  Pylon  
  14  0:24  Probe (Chrono Boost)  
  15  0:37  Probe (Chrono Boost)  
  15  0:40  Gateway  
  16  0:46  Probe (Chrono Boost)  
  17  0:51  Probe  
  18  1:03  Probe  
  19  1:06  Assimilator  
  19  1:10  Assimilator  
  19  1:16  Probe  
  20  1:19  Pylon  
  20  1:27  Cybernetics Core  
  20  1:34  Probe (Chrono Boost)  
  21  1:43  Probe (Chrono Boost)  
  22  1:53  Probe  
  23  2:14  Probe  
  23  2:15  Warp Gate  
  23  2:16  Stalker  
  23  2:19  Nexus  
  25  2:26  Probe  
  26  2:32  Stargate  
  26  2:42  Probe  
  27  2:46  Pylon  
  26  3:02  Probe  
  26  3:03  Stalker  
  29  3:10  Twilight Council  
  29  3:14  Probe  
  29  3:17  Oracle  
  33  3:32  Probe x2  
  35  3:38  Stalker  
  37  3:43  Gateway  
  37  3:47  Probe (Chrono Boost)  
  37  3:48  Probe (Chrono Boost)  
  39  3:59  Probe (Chrono Boost)  
  39  4:00  Probe (Chrono Boost)  
  41  4:03  Pylon  
  41  4:08  Phoenix  
  41  4:09  Probe x2 (Chrono Boost)  
  43  4:13  Charge (Chrono Boost)  
  45  4:24  Probe  
  45  4:25  Probe  
  45  4:30  Forge  
  45  4:37  Probe x2  
  45  4:42  Pylon  
  45  4:43  Shield Battery  
  44  5:11  Probe x2  
  46  5:21  Nexus  
  46  5:23  Probe x2  
  46  5:25  Protoss Ground Weapons Level 1 (Chrono Boost)  
  46  5:26  Pylon, Assimilator  
  48  5:30  Assimilator  
  48  5:32  Templar Archives  
  48  5:34  Pylon  
  48  5:35  Probe x2  
  50  5:39  Assimilator  
  50  5:44  Assimilator  
  50  5:47  Probe x2  
  52  5:54  Gateway  
  52  5:56  Gateway  
  52  5:59  Gateway  
  52  6:01  Pylon  
  52  6:02  Probe x2  
  54  6:14  Photon Cannon  
  54  6:15  Probe (Chrono Boost)  
  56  6:18  Probe (Chrono Boost)  
  56  6:20  Zealot x2  
  56  6:25  Psionic Storm  
  61  6:26  Probe (Chrono Boost)  
  61  6:28  Gateway  
  61  6:30  Probe (Chrono Boost)  
  62  6:33  Probe  
  62  6:35  Probe  
  62  6:39  Probe  
  65  6:44  Zealot x2  
  65  6:45  Probe  
  70  6:47  Probe  
  70  6:52  Zealot x2  
  63  7:14  Stalker x2  
  63  7:15  Zealot, Stalker  
  57  7:16  Zealot  
  57  7:21  Shield Battery  
  61  7:23  Shield Battery  
  61  7:30  Pylon  
  60  7:39  Zealot  
  60  7:42  Zealot  
  60  7:43  Zealot x4  
  68  8:07  Nexus  
  68  8:09  Probe x2, Pylon  
  68  8:12  Pylon  
  70  8:21  Probe x2  
  70  8:26  Nexus  
  72  8:30  Pylon  
  72  8:33  Probe  
  73  8:34  High Templar x4  
  73  8:35  High Templar x2  
  73  8:39  Photon Cannon  
  85  8:45  Gateway  
  85  8:46  Archon x3  
  85  8:50  Protoss Ground Weapons Level 2 (Chrono Boost)  
  84  9:07  Zealot x6  
  84  9:28  Zealot x4  
  84  9:29  Zealot x2  
  96  9:33  Probe x3  
  96  9:37  Photon Cannon  
  99  9:45  Probe x3  
  101  9:51  Robotics Facility  
  102  9:59  Probe x3  
  105  10:08  High Templar x2  
  105  10:09  High Templar x5  
  105  10:11  Probe  
  120  10:21  Archon  
  120  10:22  Archon x2  
  120  10:29  Probe x3  
  120  10:34  Pylon  
  123  10:36  Pylon  
  123  10:41  Probe x2, Pylon  
  125  10:43  Pylon  
  125  10:52  Probe  
  125  10:53  Probe x2  
  128  10:57  Pylon  
  125  11:06  Zealot x5  
  125  11:07  Zealot x2  
  139  11:17  Protoss Ground Weapons Level 3 (Chrono Boost)  
  126  11:27  Gateway  
  126  11:30  Gateway  
  124  11:33  Gateway  
  124  11:36  Gateway  
  124  11:38  Gateway  
  124  11:45  High Templar x4  
  124  11:46  High Templar x3  
  138  11:48  Nexus  
  138  11:50  Archon x3, Pylon  
  134  12:20  Zealot x3  
  134  12:21  Zealot x4  
  94  13:09  Archon  
  94  13:13  Stalker x2  
  94  13:16  Zealot  
  94  13:17  Zealot x2  
  99  13:24  Blink (Chrono Boost)  
  91  13:39  Probe  
  91  13:40  Probe x3  
  95  13:43  Zealot x4  
  95  13:44  Zealot x6  
  95  13:45  Zealot  
  117  13:50  Photon Cannon  
  117  13:51  Probe  
  117  13:52  Probe x3  
  117  13:53  Photon Cannon  
  117  13:54  Pylon  
  121  13:59  Zealot  
  117  14:04  Probe x2  
  119  14:10  High Templar x3  
  119  14:11  High Templar x6  
  119  14:12  High Templar x2  
  137  14:18  Nexus  
  137  14:21  Pylon  
  137  14:23  Pylon  
  129  14:34  Assimilator  
  129  14:35  Assimilator  
  129  14:42  Photon Cannon  
  129  14:44  Photon Cannon  
  129  14:46  Photon Cannon  
  129  14:51  Photon Cannon  
  129  14:55  Photon Cannon  
  129  14:56  Zealot x3  
  129  14:57  Pylon, Zealot x3  
  141  15:00  Archon  
  141  15:01  Archon x4  
Show
View Real Time Build Order
Export as new Build Order

Rattenmann Terran 

Build Orders:  

Get SALT Encoding   

  12  0:01  SCV  
  13  0:13  SCV  
  14  0:18  Supply Depot  
  14  0:25  SCV  
  15  0:40  SCV  
  15  0:41  Barracks  
  16  0:48  Refinery  
  16  0:52  SCV  
  17  1:04  SCV  
  18  1:16  SCV  
  19  1:26  Barracks  
  19  1:28  SCV  
  19  1:30  Supply Depot  
  19  1:32  Marine  
  21  1:40  Refinery, SCV  
  22  1:53  Orbital Command  
  22  1:59  Factory  
  22  2:12  Barracks Tech Lab  
  22  2:15  Barracks Reactor  
  22  2:21  SCV  
  23  2:32  Marine  
  23  2:33  SCV  
  23  2:36  Supply Depot  
  25  2:45  SCV  
  25  2:50  Starport, Marine  
  26  3:02  SCV  
  27  3:08  Marine  
  28  3:17  Marine x2  
  28  3:19  Command Center  
  30  3:21  Stimpack  
  30  3:35  SCV  
  31  3:45  Supply Depot  
  31  3:46  Starport Reactor  
  31  3:47  Engineering Bay  
  31  3:48  SCV  
  32  3:49  Marine x3  
  35  4:07  SCV, Marine x2  
  38  4:17  Armory  
  38  4:18  Marine  
  38  4:20  SCV  
  40  4:24  Marine  
  41  4:32  SCV  
  41  4:35  Marine  
  41  4:37  Medivac x2  
  47  4:39  Orbital Command  
  40  5:00  SCV  
  40  5:06  Marine x3  
  43  5:08  SCV  
  43  5:12  SCV  
  45  5:15  Combat Shield  
  45  5:20  SCV  
  46  5:24  SCV, Marine x2  
  46  5:25  Marine  
  50  5:29  Viking  
  50  5:30  Viking  
  50  5:32  SCV  
  50  5:33  Factory Tech Lab  
  55  5:54  Marine x2  
  55  5:55  Marauder  
  55  5:56  Siege Tank  
  62  5:59  Supply Depot  
  62  6:03  Supply Depot  
  62  6:04  Armory  
  62  6:05  Terran Vehicle And Ship Armor Level 1  
  62  6:16  Refinery x2  
  62  6:20  Marine x2  
  62  6:21  SCV  
  65  6:35  Marine  
  65  6:38  Marine  
  67  6:53  Marauder  
  69  6:54  Marine  
  70  7:07  Marine  
  62  7:12  Marine  
  62  7:15  Marauder  
  54  7:24  Marine, Siege Tank  
  54  7:25  Medivac  
  56  7:30  Marine  
  56  7:36  Marauder  
  54  7:42  Marine  
  52  7:46  SCV x2, Medivac  
  52  7:48  Marine  
  57  7:56  Siege Tank  
  57  7:58  SCV x2, Marauder  
  62  8:00  Marine  
  65  8:05  Marine  
  65  8:10  SCV x2  
  68  8:18  Marine, Medivac  
  68  8:19  Marauder  
  73  8:22  SCV  
  73  8:23  SCV, Supply Depot  
  75  8:33  Medivac  
  77  8:34  SCV  
  78  8:45  Marauder  
  80  8:53  Marine x2  
  82  8:56  SCV x2  
  84  9:07  Marauder  
  86  9:12  Supply Depot  
  86  9:16  Command Center  
  86  9:30  SCV  
  86  9:34  SCV, Marauder, Marine x2  
  91  9:42  SCV  
  85  9:46  SCV  
  77  9:54  SCV  
  77  9:56  Marauder  
  77  9:58  SCV  
  80  10:05  Marine  
  80  10:06  SCV, Marine  
  83  10:10  SCV  
  84  10:17  Marauder, Siege Tank  
  84  10:18  SCV  
  90  10:22  SCV  
  90  10:23  Marine  
  90  10:25  Terran Vehicle And Ship Armor Level 2  
  90  10:26  Terran Ship Weapons Level 1  
  90  10:28  Terran Infantry Armor Level 1  
  92  10:30  SCV  
  92  10:31  Supply Depot  
  92  10:32  Supply Depot  
  92  10:33  Supply Depot  
  92  10:34  SCV  
  94  10:38  Refinery  
  94  10:40  Refinery  
  94  10:43  Starport  
  94  10:48  Fusion Core  
  94  10:53  SCV, Marauder  
  94  10:55  Supply Depot  
  94  10:57  SCV  
  98  11:05  SCV  
  99  11:22  Marauder, Marine x2  
  99  11:23  Medivac x2  
  107  11:27  Starport Tech Lab  
  107  11:30  Starport, SCV x2  
  110  11:33  Orbital Command  
  109  11:42  SCV  
  109  11:44  Marauder  
  112  11:49  Marine x2  
  112  11:51  Siege Tank  
  112  11:53  SCV  
  118  11:54  SCV  
  119  12:05  SCV, Marauder  
  122  12:12  SCV x2  
  124  12:16  Medivac x2  
  119  12:23  Marine  
  119  12:24  Marine  
  119  12:27  Marauder  
  114  12:41  Marine  
  114  12:43  Marine  
  114  12:48  Marauder  
  84  13:09  Marauder  
  84  13:12  Marine x2  
  86  13:14  SCV x3  
  89  13:26  SCV  
  88  13:30  Marine x2  
  88  13:31  Marauder  
  82  13:45  Medivac  
  82  13:46  Medivac  
  82  13:47  Marine  
  82  13:48  Marine  
  82  13:52  Marauder  
  81  14:05  Marine  
  82  14:13  Marauder  
  79  14:35  Marauder  
  63  14:53  SCV  
  63  14:55  Marine  
  63  14:56  Marauder, Marine  
  59  15:03  Command Center  
  59  15:05  SCV  
  58  15:17  SCV  
Show
View Real Time Build Order
Export as new Build Order

Massa Terran 

Build Orders: Gas First Reaper Expand 

Get SALT Encoding   

  12  0:00  SCV  
  13  0:12  SCV  
  14  0:23  Supply Depot  
  14  0:24  SCV  
  15  0:34  Refinery  
  15  0:44  SCV  
  15  0:45  Barracks  
  16  0:56  SCV  
  17  1:08  SCV  
  18  1:20  SCV  
  19  1:32  Reaper  
  20  1:35  Orbital Command  
  20  1:44  Command Center  
  20  2:01  SCV  
  20  2:04  Marine  
  22  2:13  SCV  
  23  2:17  Refinery  
  23  2:23  Barracks Reactor  
  23  2:38  Factory  
  23  2:41  Supply Depot  
  23  3:03  Marine x2  
  25  3:21  Marine x2  
  25  3:23  Orbital Command  
  25  3:24  SCV  
  25  3:26  Factory Tech Lab  
  28  3:31  Engineering Bay  
  28  3:36  SCV  
  28  3:38  Marine  
  28  3:39  Marine  
  31  3:52  SCV x2  
  33  3:56  Marine x2  
  33  3:58  Missile Turret  
  33  4:01  Missile Turret  
  35  4:04  SCV x2  
  35  4:07  Armory  
  37  4:10  Starport  
  37  4:12  Siege Tank  
  37  4:14  Marine x2  
  42  4:19  Barracks  
  42  4:21  SCV x2  
  44  4:32  Marine  
  44  4:33  SCV  
  46  4:40  Supply Depot  
  46  4:43  Supply Depot  
  46  4:45  Supply Depot  
  46  4:47  Supply Depot  
  46  4:50  Missile Turret  
  46  4:52  Missile Turret  
  46  5:02  SCV  
  47  5:18  Marine x2, Siege Tank  
  52  5:21  Barracks Tech Lab  
  52  5:30  Command Center  
  52  5:33  SCV  
  52  5:34  SCV  
  54  5:36  Marine x2, Missile Turret  
  56  5:46  SCV x2, Stimpack  
  56  5:47  Marauder  
  60  5:51  Cyclone  
  60  5:54  Marine x2  
  65  5:58  SCV x2  
  67  6:06  Medivac  
  67  6:09  Marauder  
  67  6:10  SCV  
  72  6:23  SCV  
  72  6:24  SCV  
  74  6:27  Refinery  
  74  6:30  Refinery  
  74  6:36  SCV x2, Liberator  
  78  7:08  SCV x2  
  42  8:03  SCV x2  
  44  8:14  Marauder, Marine  
  44  8:15  SCV, Marine  
  44  8:16  SCV, Command Center  
  50  8:25  Missile Turret  
  48  8:27  SCV, Missile Turret  
  48  8:28  SCV  
  48  8:32  Marine  
  48  8:33  Marine  
  52  8:36  Marauder  
  52  8:39  SCV  
  52  8:40  SCV  
  56  8:44  Siege Tank  
  56  8:48  Terran Infantry Weapons Level 1, Terran Vehicle Weapons Level 1  
  59  8:50  Marine  
  59  8:51  SCV, Marine, Missile Turret, Medivac  
  59  8:52  SCV  
  65  8:57  Marauder  
  65  8:58  Supply Depot x2  
  67  9:03  SCV  
  67  9:04  SCV  
  67  9:05  Combat Shield  
  67  9:07  Missile Turret  
  67  9:08  Marine x2  
  71  9:12  Barracks  
  71  9:16  SCV x2, Ghost Academy, Siege Tank  
  76  9:18  Marauder  
  76  9:21  Medivac  
  76  9:22  Supply Depot x2  
  80  9:27  Missile Turret  
  80  9:28  SCV x2  
  82  9:40  SCV, Marauder  
  85  9:45  Supply Depot x2  
  85  9:48  Siege Tank  
  88  9:59  Marine x2  
  89  10:01  Marauder  
  92  10:12  Viking  
  91  10:15  Orbital Command  
  91  10:17  SCV x2, Marine x2  
  95  10:22  Marauder  
  95  10:24  Concussive Shells  
  97  10:29  SCV x2  
  97  10:34  Marine  
  97  10:35  Marine  
  101  10:36  Barracks Reactor  
  101  10:41  SCV x2  
  101  10:42  Terran Infantry Armor Level 1, Barracks, Viking  
  105  10:43  Barracks  
  105  10:44  Barracks, Marauder  
  107  10:51  Missile Turret  
  107  10:52  Marine  
  107  10:53  SCV x2, Marine  
  107  10:55  Missile Turret  
  111  11:02  Refinery  
  111  11:04  Refinery  
  111  11:05  SCV, Marauder  
  111  11:09  Personal Cloaking  
  111  11:10  Marine  
  111  11:11  Marine  
  116  11:12  Terran Vehicle Weapons Level 2  
  116  11:21  Engineering Bay  
  116  11:22  Starport Reactor  
  116  11:27  Marauder, Marine  
  116  11:28  Marine x3  
  116  11:32  Siege Tank  
  125  11:34  Command Center  
  125  11:39  Barracks Reactor, Barracks Tech Lab  
  125  11:40  Barracks Tech Lab  
  125  11:45  Marine  
  125  11:46  Marine x3  
  129  11:47  Armory  
  129  11:48  Marauder  
  131  12:00  Smart Servos  
  131  12:03  Marine x2  
  131  12:04  Marine x2, Siege Tank  
  138  12:09  Marauder  
  140  12:21  Marine  
  141  12:35  Nuke  
  141  12:42  Supply Depot  
  141  12:43  Supply Depot x3  
  141  12:44  Marine  
  141  12:46  Marauder, Supply Depot, Siege Tank  
  141  12:48  Supply Depot  
  105  13:00  Marauder x2  
  105  13:01  Marine x5  
  105  13:02  Marine  
  91  13:07  Marauder  
  91  13:09  Supply Depot  
  91  13:10  Supply Depot  
  88  13:17  Medivac x2  
  88  13:18  Siege Tank  
  88  13:19  Marine x5  
  100  13:20  Marine  
  100  13:22  Marauder x2  
  102  13:29  Marauder  
  101  13:36  Marine  
  101  13:37  Marine x4  
  102  13:43  Marauder x2  
  102  13:47  Medivac x2  
  96  13:50  Marauder  
  96  13:54  Marine  
  96  13:55  Marine x3  
  89  14:04  Marauder  
  89  14:05  Marauder  
  90  14:12  Marauder, Marine x2  
  90  14:13  Marine x2  
  90  14:14  Factory  
  89  14:17  Medivac  
  89  14:20  Factory  
  89  14:21  Orbital Command  
  85  14:26  Marauder x2  
  85  14:30  Marine x4  
  89  14:33  Marauder  
  83  14:47  Marauder x2  
  83  14:48  Marine x2  
  84  14:54  Marauder  
  82  15:06  Marine  
  83  15:08  Marauder  
  83  15:11  Marine  
Show
View Real Time Build Order
Export as new Build Order

qqq Zerg 

Build Orders: Hatch First, Lurkers 

Get SALT Encoding   

  12  0:00  Drone  
  13  0:08  Drone  
  14  0:38  Hatchery  
  13  0:47  Drone  
  14  0:57  Spawning Pool  
  14  1:03  Overlord  
  13  1:07  Drone  
  14  1:14  Extractor  
  14  1:15  Drone  
  14  1:26  Drone x2  
  16  1:40  Drone  
  16  1:46  Queen  
  19  1:56  Queen  
  19  1:57  Drone  
  19  2:00  Zergling x2  
  23  2:17  Extractor  
  23  2:22  Drone  
  23  2:23  Drone x2  
  23  2:25  Drone  
  23  2:27  Metabolic Boost  
  26  2:34  Overlord  
  26  2:37  Drone  
  26  2:40  Drone  
  28  2:46  Overlord  
  28  2:56  Roach Warren  
  27  3:05  Drone x3  
  30  3:10  Zergling x2  
  30  3:12  Zergling x2  
  32  3:14  Zergling x2  
  32  3:16  Zergling x2  
  32  3:18  Drone  
  35  3:24  Zergling x2  
  36  3:29  Zergling x2  
  37  3:34  Zergling x2  
  38  3:52  Lair  
  38  3:54  Zergling x8  
  42  4:01  Drone  
  42  4:02  Zergling x2  
  44  4:05  Hatchery, Spore Crawler  
  44  4:07  Spore Crawler  
  41  4:11  Overlord  
  41  4:14  Drone  
  42  4:22  Drone x2  
  41  4:35  Drone  
  41  4:36  Drone x2, Overlord x2  
  35  5:00  Drone x3  
  35  5:05  Extractor  
  35  5:06  Drone x3, Hydralisk Den  
  35  5:07  Drone x3  
  40  5:08  Drone x3  
  44  5:28  Extractor  
  43  5:30  Extractor  
  42  5:39  Drone  
  42  5:40  Drone  
  42  5:41  Hydralisk  
  46  5:43  Muscular Augments  
  46  5:49  Evolution Chamber  
  45  5:51  Evolution Chamber  
  45  5:52  Hydralisk  
  45  5:56  Drone  
  47  5:59  Hatchery  
  47  6:02  Hatchery  
  47  6:03  Hydralisk x2  
  47  6:06  Hydralisk  
  47  6:09  Drone  
  52  6:21  Hydralisk x3  
  52  6:23  Drone  
  59  6:27  Zerg Missile Weapons Level 1  
  59  6:31  Drone x2  
  61  6:44  Lurker Den  
  61  6:45  Zergling x8  
  61  6:46  Zergling x4  
  66  6:55  Grooved Spines  
  66  6:58  Hydralisk x2  
  66  6:59  Hydralisk  
  62  7:27  Zergling x8  
  62  7:28  Zergling x12  
  66  7:37  Drone x6  
  66  7:38  Drone x3  
  66  7:41  Roach  
  66  7:43  Zerg Ground Armor Level 1  
  77  7:48  Drone  
  77  7:50  Drone x4  
  82  7:57  Roach  
  84  8:04  Drone  
  84  8:05  Drone  
  86  8:06  Overlord x2  
  86  8:14  Overlord x2  
  86  8:21  Zerg Melee Weapons Level 1, Infestation Pit  
  85  8:28  Lurker x2  
  85  8:29  Lurker x2  
  85  8:33  Hydralisk x3  
  95  8:40  Hydralisk x2  
  99  8:42  Drone x4  
  99  8:43  Drone x5  
  89  9:30  Drone x6  
  89  9:31  Drone x3  
  87  9:32  Hydralisk x5  
  87  9:33  Hydralisk x5  
  87  9:37  Zerg Missile Weapons Level 2  
  107  9:40  Spore Crawler  
  107  9:41  Spore Crawler  
  107  9:42  Spine Crawler  
  107  9:43  Spine Crawler, Spore Crawler  
  107  9:44  Spore Crawler  
  107  9:45  Spine Crawler  
  100  9:47  Spine Crawler  
  100  9:48  Spine Crawler  
  98  9:59  Roach  
  102  10:00  Roach x6  
  112  10:08  Overlord  
  112  10:09  Overlord x3  
  112  10:14  Spore Crawler x3  
  112  10:16  Drone x2, Spore Crawler x2  
  112  10:17  Drone, Spine Crawler x2  
  108  10:22  Lurker x2  
  108  10:23  Lurker  
  108  10:25  Lurker  
  112  10:36  Hatchery  
  112  10:41  Hive  
  111  11:07  Hydralisk x5  
  111  11:08  Drone x2  
  111  11:09  Drone x4  
  86  11:31  Zerg Ground Armor Level 2  
  86  11:32  Hydralisk x3  
  70  11:34  Drone x4  
  78  11:41  Extractor, Drone x2  
  78  11:42  Extractor  
  78  11:45  Overlord x2  
  78  11:48  Roach  
  78  11:49  Roach  
  78  11:51  Lurker  
  83  12:00  Drone  
  84  12:18  Hatchery  
  76  12:35  Spine Crawler x2  
  74  12:38  Roach x3  
  74  12:39  Roach  
  82  12:45  Drone x3, Ultralisk Cavern  
  67  13:08  Hydralisk x2  
  67  13:10  Roach x6  
  67  13:11  Roach x3  
  66  13:40  Ultralisk, Roach  
  66  13:41  Zergling x4, Ultralisk x2  
  76  13:42  Zergling x2  
  76  13:43  Zergling x10  
  77  13:55  Drone  
  77  13:56  Queen  
  77  14:00  Hatchery  
  77  14:02  Anabolic Synthesis  
  72  14:09  Hatchery  
  69  14:15  Zergling x2  
  69  14:16  Zergling x4  
  71  14:17  Drone  
  55  14:32  Drone  
  55  14:33  Drone x2  
  55  14:35  Drone  
  50  14:53  Zergling x6  
  50  14:55  Drone  
  50  14:57  Drone  
  50  14:59  Drone  
Tags
 
Add a new tag
Caveats
  • Supply blocks, unpowered buildings, or Contaminate may cause inaccurate times.
  • Supply counts are checked every 10 seconds.